 Dungeon Crawl Stone Soup version 0.20.1-2-g1830e616b0 (webtiles) character file.

123 Alfie the Shooter (level 5, 0/39 HPs)
             Began as a Human Hunter on Feb 5, 2020.
             Killed by nerve-wracking pain
             ... invoked by an orc priest
              (14 damage)
             ... on level 3 of the Dungeon.
             The game lasted 00:08:06 (1791 turns).

Alfie the Shooter (Human Hunter)                    Turns: 1791, Time: 00:08:07

Health: 0/39       AC:  4    Str: 14    XL:     5   Next: 29%
Magic:  5/5        EV: 12    Int: 11    God:
Gold:   104        SH:  4    Dex: 17    Spells: 4/4 levels left

rFire    . . .     SeeInvis .   a - +1 shortbow
rCold    . . .     Gourm    .   (shield currently unavailable)
rNeg     . . .     Faith    .   c - +1 leather armour
rPois    .         Spirit   .   (no helmet)
rElec    .         Reflect  .   (no cloak)
rCorr    .         Harm     .   (no gloves)
MR       .....                  (no boots)
Stlth    +++.......             (no amulet)
Regen    0.2/turn               (no ring)
MPRegen  0.1/turn               (no ring)

@: no status effects
A: large bone plates 1, camouflage 1, agile 2
a: no special abilities


You were on level 3 of the Dungeon.
You were not hungry.

You visited 1 branch of the dungeon, and saw 3 of its levels.

You collected 104 gold pieces.

Inventory:

Hand Weapons
 a - a +1 shortbow (weapon)
 b - a +1 short sword
Missiles
 i - 3 arrows (quivered)
Armour
 c - a +1 leather armour (worn)
 d - a +0 pair of boots
Scrolls
 e - a scroll of teleportation
 m - a scroll of identify
Potions
 g - 3 potions of lignification
 h - a potion of brilliance {unknown}
 j - 2 potions of might {unknown}
 k - a potion of curing {unknown}
Comestibles
 f - 2 bread rations
 l - a meat ration


   Skills:
 + Level 2.4 Fighting
 + Level 5.8 Bows
 + Level 0.6 Armour
 + Level 2.2 Dodging
 + Level 1.0 Stealth


You had 4 spell levels left.
You didn't know any spells.

Dungeon Overview and Level Annotations

Branches:
Dungeon (3/15)

Altars:


Innate Abilities, Weirdness & Mutations

You are partially covered in large bone plates. (SH +4)
Your skin changes colour to match your surroundings (Stealth+).
You are very agile. (Dex +4)


Message History

Firing (i - inventory):
i - 5 arrows (quivered)
Press: ? - help, Shift-Dir - straight line, f/p - orc priest
Aim: an orc priest, wielding a dagger and wearing a chain mail (heavily wounded)
You shoot an arrow. The arrow hits the orc priest.
The orc priest is almost dead.
The bat hits you but does no damage.
The rat twitches its whiskers.
You block the rat's attack.
The orc priest hits you but does no damage.
Firing (i - inventory):
i - 4 arrows (quivered)
Press: ? - help, Shift-Dir - straight line, f/p - orc priest
Aim: an orc priest, wielding a dagger and wearing a chain mail (almost dead)
You shoot an arrow.
The arrow hits the orc priest but does no damage.
The orc priest is almost dead.
The bat barely misses you. The rat barely misses you.
The bat hits you but does no damage.
The orc priest mumbles some strange prayers to Beogh against you.
Pain shoots through your body!
You die...

##.######
#.........
#.#.###### #.#.#
#####..#.### .
#.....###.. ...
#.###..#.####..#
#.#r##(....#
##..b@o)((.(#
#....##.(...#
#....# #.#....
#..<## .# .##
#...# # .>....
###...## ##.##
#..


You could see an orc priest, a bat and a rat.

Vanquished Creatures
  4 adders (D:2)
  An ooze (D:1)
  5 worms
  3 dart slugs (D:2)
  A leopard gecko (D:1)
  3 orcs (D:3)
  A giant cockroach (D:1)
  10 goblins
  6 hobgoblins
  6 jackals
  3 bats
  A frilled lizard (D:1)
  9 kobolds
  4 rats
57 creatures vanquished.

Vanquished Creatures (others)
  5 toadstools (D:1)
5 creatures vanquished.

Grand Total: 62 creatures vanquished

Notes
Turn   | Place    | Note
-------+----------+-------------------------------------------
     0 | D:1      | Alfie the Human Hunter began the quest for the Orb.
     0 | D:1      | Reached XP level 1. HP: 16/16 MP: 1/1
    77 | D:1      | Reached XP level 2. HP: 22/22 MP: 2/2
   495 | D:1      | Reached XP level 3. HP: 27/27 MP: 3/3
  1023 | D:2      | Reached skill level 5 in Bows
  1032 | D:2      | Reached XP level 4. HP: 30/33 MP: 4/4
  1111 | D:2      | Gained mutation: You are partially covered in large bone plates. (SH +4) [potion of mutation]
  1111 | D:2      | Gained mutation: Your skin changes colour to match your surroundings (Stealth+). [potion of mutation]
  1111 | D:2      | Gained mutation: You are agile. (Dex +2) [potion of mutation]
  1111 | D:2      | Gained mutation: You are very agile. (Dex +4) [potion of mutation]
  1649 | D:2      | Reached XP level 5. HP: 39/39 MP: 5/5
  1791 | D:3      | Killed from afar by an orc priest

Skill      XL: |  1  2  3 |
---------------+----------+-----
Bows           | 5 |  5.8
Fighting       | |  2.4
Armour         | |  0.6
Dodging        | |  2.2
Stealth        | |  1.0

Action                   |  1- 3 |  4- 6 || total
-------------------------+-------+-------++-------
 Fire: Shortbow          |    90 |   107 ||   197
  Use: Scroll            |     5 |     3 ||     8
       Potion            |       |     2 ||     2
  Eat: Bread ration      |       |     1 ||     1
Armor: Leather armour    |    11 |    17 ||    28
Dodge: Dodged            |    21 |    35 ||    56
Block: Other             |       |    12 ||    12
